 Dungeon Crawl Stone Soup version 0.29-a0-1006-g0dd7720b37 (webtiles) character file.

Game seed: 10186593416586189708

93 concernfroge the Trooper (level 4, 0/37 HPs)
             Began as a Mummy Monk on Aug 7, 2022.
             Slain by a goblin
             ... wielding a +0 club
             ... led by Robin
              (5 damage)
             ... on level 3 of the Dungeon.
             The game lasted 00:05:16 (1206 turns).

concernfroge the Trooper (Mummy Monk)               Turns: 1206, Time: 00:05:16

Health: 0/37       AC:  8    Str: 16    XL:     4   Next: 37%
Magic:  4/4        EV:  7    Int:  9    God:
Gold:   131        SH:  0    Dex: 14    Spells: 3/3 levels left

rFire   x . .      SeeInvis .   j - +10 hammer of Summertime {vorpal, rElec}
rCold   + . .      Faith    .   (no shield)
rNeg    + + +      Spirit   .   b - +0 chain mail
rPois   ∞          Reflect  .   (no helmet)
rElec   +          Harm     .   (no cloak)
rCorr   .          Rampage  .   (no gloves)
Will    .....                   (no boots)
Stlth   ..........              c - amulet of regeneration
HPRegen 0.92/turn               (no ring)
MPRegen 0.09/turn               (no ring)

@: about to teleport
A: cold resistance 1, negative energy resistance 3, torment resistance 2, heat
vulnerability 1, in touch with death 1, no potions
a: no special abilities


You were on level 3 of the Dungeon.
You visited 1 branch of the dungeon, and saw 3 of its levels.

You collected 131 gold pieces.

Inventory:

Hand Weapons
 j - the +10 hammer of Summertime (weapon) {vorpal, rElec}
   (You found it on level 2 of the Dungeon)

   It inflicts extra damage upon your enemies.
   rElec:     It insulates you from electricity.
Missiles
 e - a poisoned dart (quivered)
Armour
 b - a +0 chain mail (worn)
Jewellery
 c - an amulet of regeneration (around neck)
Scrolls
 d - a scroll of enchant armour {unknown}
 f - a scroll of poison {unknown}
 g - a scroll of noise {unknown}
 i - a scroll of identify {unknown}


   Skills:
 + Level 3.8 Fighting
 - Level 2.9 Polearms
 - Level 3.0 Dodging
 - Level 2.3 Stealth


You had 3 spell levels left.
You didn't know any spells.
Your spell library contained the following spells:

 Spells                   Type           Power      Damage    Failure   Level
 Slow                     Hex            0%         N/A       100%        1
 Confusing Touch          Hex            0%         N/A       100%        3
 Vampiric Draining        Necr           0%         2d6       100%        3


Dungeon Overview and Level Annotations

Branches:
Dungeon (3/15)

Altars:
Fedhas
Ru

Annotations:
D:2 1 runed translucent door, Crazy Yiuf
D:3 Robin


Innate Abilities, Weirdness & Mutations

You are immune to poison.
Your flesh is cold resistant. (rC+)
You are immune to negative energy. (rN+++)
You are immune to unholy pain and torment.
You are vulnerable to heat. (rF-)
You are in touch with the powers of death.
You do not drink.


Message History

The goblin hits you but does no damage.
The hobgoblin hits you but does no damage.
The goblin barely misses you.
Throw: 2 darts (poison)
Press: ? - help, Q - select action Shift-Dir - straight line, f - goblin, p - Robin
Aim: a goblin, wielding a +0 club (strong, 51% to hit)
You throw a poisoned dart. The poisoned dart hits the goblin.
The goblin looks even sicker.
The goblin is moderately wounded.
The hobgoblin hits you. The goblin hits you with a +0 dagger.
The goblin hits you with a +0 club.
You sock the goblin!
You kill the goblin!
The hobgoblin hits you. The goblin closely misses you.
You closely miss the goblin. The hobgoblin hits you.
The goblin hits you with a +0 dagger. The goblin barely misses you.
The goblin hits you with a +0 club.
The hobgoblin hits you but does no damage.
The goblin hits you with a +0 dagger.
You hit the goblin.
The goblin is severely wounded.
The goblin hits you but does no damage. The hobgoblin hits you.
* * * LOW HITPOINT WARNING * * *
The goblin hits you but does no damage.
As you read the scroll labelled KUFIME UDITRO, it crumbles to dust.
You feel strangely unstable.
It was a scroll of teleportation.
The goblin no longer looks unusually strong.
You kill the goblin!
The hobgoblin barely misses you. The goblin barely misses you.
You closely miss the goblin. You punch the goblin, but do no damage.
The goblin is severely wounded.
Robin roars a battlecry!
The goblin goes into a battle-frenzy!
The hobgoblin closely misses you. The goblin barely misses you.
The goblin hits you with a +0 club.
* * * LOW HITPOINT WARNING * * *
The hobgoblin hits you.
* * * LOW HITPOINT WARNING * * *
The goblin hits you with a +0 club.
You die...

##.....##
##.......##
#.........#
#.........#
#.........#
#........>###
#...........###
#.........#...####
#†........###..g@#
†.........#
####gggg#
).........#
####.gg..
..........# #g..
.........## ..
........##
....#..## ....#.##
#.....#


You could see Robin, a hobgoblin (strong) and 6 goblins.

Vanquished Creatures
  An orc wizard (D:3)
  A worm (D:3)
  2 dart slugs
  2 orcs (D:3)
  6 endoplasms
  2 giant cockroaches
  15 goblins
  4 hobgoblins (D:1)
  2 quokkas (D:2)
  6 ball pythons
  2 bats
  3 frilled lizards
  4 kobolds
  5 rats
55 creatures vanquished.

Notes
Turn   | Place    | Note
-------+----------+-------------------------------------------
     0 | D:1      | concernfroge the Mummy Monk began the quest for the Orb.
     0 | D:1      | Reached XP level 1. HP: 18/18 MP: 1/1
   128 | D:1      | Reached XP level 2. HP: 23/24 MP: 2/2
   264 | D:1      | Gained mutation: You are in touch with the powers of death.
                  | [Mummy growth]
   264 | D:1      | Reached XP level 3. HP: 20/29 MP: 3/3
   690 | D:2      | Found a sacrificial altar of Ru.
   944 | D:2      | Identified the +10 hammer of Summertime {vorpal, rElec}
   958 | D:2      | Found a runed translucent door.
   959 | D:2      | Noticed Crazy Yiuf
  1076 | D:3      | Reached XP level 4. HP: 35/35 MP: 4/4
  1123 | D:3      | Found a blossoming altar of Fedhas.
  1195 | D:3      | Noticed Robin
  1206 | D:3      | Slain by a goblin

Illustrated notes

Levels and vault maps discovered:
D:1:      lemuel_arrival_lava_pool, layout_rooms
D:2:      layout_basic, basic_altar, uniq_crazy_yiuf_cottage
D:3:      layout_rooms, mainiacjoe_overflow_small_starburst,
          shapermc_ecumenical_altar_hornbeckon, uniq_robin

Skill      XL: |  1  2  3 |
---------------+----------+-----
Stealth        | 2 |  2.3
Dodging        | 3 |  3.0
Fighting       | |  3.8
Polearms       | |  2.9

Action                   |  1- 3 |  4- 6 || total
-------------------------+-------+-------++-------
Melee: Spear             |    65 |       ||    65
       War axe           |    21 |       ||    21
       Mace              |     2 |    23 ||    25
       Punch             |     1 |     1 ||     2
Throw: Dart              |    23 |     3 ||    26
  Use: Scroll            |       |     1 ||     1
Armor: Robe              |     5 |       ||     5
       Chain mail        |    20 |    19 ||    39
Dodge: Dodged            |    27 |    17 ||    44

Table legend: (Time is in decaauts)
 A = Elapsed time spent in this place.
 B = Non-inter-level travel time spent in this place.
 C = Inter-level travel time spent in this place.
 D = Time resting spent in this place.
 E = Time spent auto-exploring this place.
 F = Levels seen in this place.
 G = Mean time per level.
                   A        B        C        D        E       F      G
               +--------+--------+--------+--------+--------+-----+--------+
         Total |   1221 |   1095 |    126 |      0 |    738 |   3 |  407.0 |
       Dungeon |   1221 |   1095 |    126 |      0 |    738 |   3 |  407.0 |
               +--------+--------+--------+--------+--------+-----+--------+

Top non-repeatable levels by time:
     D:1: 609 daAuts
     D:2: 394 daAuts
     D:3: 217 daAuts
